 Dungeon Crawl Stone Soup version 0.18.1-5-g4a78601 (webtiles) character file.

266 mopl the Sneak (level 6, 0/36 HPs)
             Began as a High Elf Enchanter on May 12, 2016.
             Slain by a worker ant (2 damage)
             ... on level 3 of the Dungeon.
             The game lasted 00:05:25 (2846 turns).

mopl the Sneak (High Elf Enchanter)                 Turns: 2846, Time: 00:05:26

Health: 0/36       AC:  3    Str:  7    XL:     6   Next: 0%
Magic:  0/12       EV: 11    Int: 20    God:
Gold:   145        SH:  0    Dex: 17    Spells: 4 memorised, 2 levels left

rFire  . . .     SeeInvis .     s - -1 blowgun (curse) {!w}
rCold  . . .     Gourm    .     b - +1 robe
rNeg   . . .     Faith    .     (no shield)
rPois  .         Spirit   .     (no helmet)
rElec  .         Dismiss  .     (no cloak)
rCorr  .         Reflect  .     (no gloves)
SustAt .         Harm     .     (no boots)
MR     .....                    (no amulet)
Stlth  ++........               (no ring)
                                (no ring)

@: lethally poisoned (0 -> -3), flying, heavily drained, not resistant to
hostile enchantments, unstealthy
A: no striking features
a: no special abilities


You were on level 3 of the Dungeon.
You were not hungry.

You visited 1 branch of the dungeon, and saw 4 of its levels.

You collected 145 gold pieces.

Inventory:

Hand Weapons
 a - a +1 dagger
 s - a cursed -1 blowgun (weapon) {!w}
Missiles
 r - 6 poisoned needles (quivered)
 v - a tomahawk
Armour
 b - a +1 robe (worn)
Wands
 k - a wand of slowing (2/48)
 l - a wand of iceblast (5/15)
Scrolls
 e - a scroll of enchant weapon {unknown}
 f - a scroll of fear {unknown}
 g - a scroll of remove curse {unknown}
 o - a scroll of identify {unknown}
 q - a scroll of recharging {unknown}
Potions
 h - a potion of might {unknown}
 i - a potion of ambrosia {unknown}
 m - a potion of agility {unknown}
 u - a potion of degeneration {unknown}
Books
 c - a book of Maledictions

   Spells                             Type                      Level
   a - Corona                         Hexes                        1
   b - Ensorcelled Hibernation        Hexes/Ice                    2
   c - Confuse                        Hexes                        3
   d - Tukima's Dance                 Hexes                        3
   e - Dazzling Spray                 Conjuration/Hexes            3
Comestibles
 d - 3 bread rations
 n - a meat ration
 p - 6 chunks of flesh
 t - a beef jerky


   Skills:
 + Level 2.8(0.7) Short Blades
 - Level 2.1(0.1) Dodging
 * Level 5.1(2.9) Stealth
 + Level 3.4(1.3) Spellcasting
 * Level 4.4(2.3) Hexes
 + Level 1.5(0.0) Ice Magic


You had 2 spell levels left.
You knew the following spells:

 Your Spells              Type           Power        Failure   Level  Hunger
a - Corona                Hex            ##.....      10%         1    ##.....
b - Ensorcelled Hibernat  Hex/Ice        #.....       17%         2    ###....
c - Confuse               Hex            ##......     21%         3    ####...
d - Tukima's Dance        Hex            ##......     21%         3    ####...


Dungeon Overview and Level Annotations

Branches:
Dungeon (4/15)
 Temple: D:4-7

Altars:
Gozag
Pakellas

Annotations:
D:2 1 exclusion
D:3 Pavgran's ghost, amateur DrTm


Message History

Firing (i - inventory. (,) - cycle):
r - 8 poisoned needles (quivered)
Press: ? - help, Shift-Dir - straight line, f/p - worker ant
Aim: a worker ant You shoot a poisoned needle.
The poisoned needle closely misses the worker ant.
You feel sick. The worker ant barely misses you. The worker ant bites you.
* * * LOW HITPOINT WARNING * * *
Firing (i - inventory. (,) - cycle):
r - 7 poisoned needles (quivered)
Press: ? - help, Shift-Dir - straight line, f/p - worker ant
Aim: a worker ant You shoot a poisoned needle.
The poisoned needle closely misses the worker ant.
The worker ant barely misses you.
Drink which item? (? for menu, Esc to quit)
It was a potion of flight.
You feel very buoyant.
You fly up into the air.
* * * LOW HITPOINT WARNING * * *
You feel sick. The worker ant bites you.
You die...

###)#.###.......###.#.##..
#.....##.......# #.......
##.#.###†......# #.#..#.#
#.....########## #.##.#.#
##.#[#...# #......#
#......#.# #######.###
##.#.#.#.######.......##.
#................#######.
##.#.###@######.## #.
#.....##a# ### #.
##.#.#..(# ###. #).....###
#... ##.#.#.# #.##
#......# #.# ##.#.#.# #.#
#......# ##.## ###.#.#.#
####....


You could see a worker ant.

Vanquished Creatures
  Sigmund (D:2)
  4 adders
  2 oozes
  3 worms
  3 orcs (D:3)
  5 giant cockroaches
  6 goblins
  7 hobgoblins
  4 kobolds
  2 quokkas
  A ball python (D:1)
  5 bats (D:1)
  6 giant newts
  6 rats
55 creatures vanquished.

Notes
Turn   | Place    | Note
--------------------------------------------------------------
     0 | D:1      | mopl the High Elf Enchanter began the quest for the Orb.
     0 | D:1      | Reached XP level 1. HP: 11/11 MP: 4/4
    48 | D:1      | Reached XP level 2. HP: 17/17 MP: 6/6
    62 | D:1      | Learned a level 2 spell: Ensorcelled Hibernation
   413 | D:1      | Reached XP level 3. HP: 11/21 MP: 7/7
   529 | D:2      | Reached skill level 4 in Stealth
   561 | D:2      | Found a faded altar to an unknown god.
   561 | D:2      | Noticed Sigmund
   771 | D:2      | Killed Sigmund
   771 | D:2      | Reached skill level 2 in Short Blades
   771 | D:2      | Reached skill level 3 in Spellcasting
   771 | D:2      | Reached skill level 4 in Hexes
   771 | D:2      | Reached skill level 1 in Ice Magic
   771 | D:2      | Reached XP level 4. HP: 20/27 MP: 7/9
   771 | D:2      | Reached XP level 5. HP: 23/31 MP: 7/10
   776 | D:2      | Learned a level 3 spell: Confuse
   780 | D:2      | Learned a level 3 spell: Tukima's Dance
   855 | D:2      | Found an opulent altar of Gozag.
   913 | D:2      | Became a worshipper of Pakellas the Inventive
   913 | D:2      | Reached * piety under Pakellas
   913 | D:2      | Received a gift from Pakellas
   915 | D:2      | Fell from the grace of Pakellas
  1273 | D:2      | Reached skill level 5 in Stealth
  1880 | D:3      | Noticed Pavgran's ghost (amateur DrTm)
  2830 | D:3      | Reached XP level 6. HP: 12/36 MP: 0/12
  2846 | D:3      | Slain by a worker ant

Skill      XL: |  1  2  3  4  5 |
---------------+----------------+-----
Stealth        | 4 5 |  5.1
Short Blades   | 2 |  2.8
Spellcasting   | 3 |  3.4
Hexes          | 4 |  4.4
Ice Magic      | 1 |  1.5
Dodging        | |  2.1

Action                   |  1- 3 |  4- 6 || total
-------------------------+-------+-------++-------
Melee: Dagger            |    85 |   142 ||   227
 Fire: Blowgun           |       |     5 ||     5
 Cast: Ensorcelled Hiber |    11 |     1 ||    12
Invok: Renounce Religion |       |     1 ||     1
  Use: Potion            |       |     1 ||     1
 Stab: Sleeping          |    13 |     9 ||    22
       Distracted        |       |     1 ||     1
  Eat: Chunk             |       |     7 ||     7
Armor: Robe              |    17 |    13 ||    30
Dodge: Dodged            |    58 |    67 ||   125
